 Dungeon Sprint DCSS version 0.20-a0-556-g892c87b (webtiles) character file.

58 dvd the Covered (level 3, -4/37 HPs)
             Began as a Minotaur Fighter on Feb 4, 2017.
             Killed from afar by an oklob sapling priest (14 damage)
             ... with a splash of acid
             ... in the Dungeon (Sprint IV: "Fedhas' Mad Dash").
             The game lasted 00:00:57 (406 turns).

dvd the Covered (Minotaur Fighter)                   Turns: 406, Time: 00:00:59

Health: -4/37      AC:  3    Str: 20    XL:     3   Next: 76%
Magic:  1/2        EV:  7    Int:  5    God:
Gold:   56         SH: 10    Dex: 10    Spells: 2/2 levels left

rFire    . . .     SeeInvis .   a - +0 war axe
rCold    . . .     Gourm    .   b - +0 scale mail
rNeg     . . .     Faith    .   c - +0 shield
rPois    .         Spirit   .   (helmet restricted)
rElec    .         Reflect  .   (no cloak)
rCorr    .         Harm     .   (no gloves)
MR       .....     NoTele   +   (no boots)
Stlth    ..........             m - amulet of invisibility {+Inv}
Regen    0.2/turn               (no ring)
                                (no ring)

@: corroded, very slightly contaminated, invisible (expiring)
A: retaliatory headbutt, horns 2
a: Turn Visible


You were in the Dungeon.
You were not hungry.

You visited 1 branch You collected 56 gold pieces.

Inventory:

Hand Weapons
 a - a +0 war axe (weapon)
Armour
 b - a +0 scale mail (worn)
 c - a +0 shield (worn)
Jewellery
 m - the amulet of invisibility (around neck) {+Inv}
   (You found it in the Dungeon)

   [amulet of nothing]

   It lets you turn invisible.
Scrolls
 k - a scroll of blinking
 o - a scroll of fear {unknown}
Potions
 d - a potion of might
 e - a potion of curing
 g - a potion of heal wounds
 h - a potion of haste
 i - 2 potions of magic
 j - a potion of berserk rage
Comestibles
 f - a bread ration
 l - a royal jelly


   Skills:
 + Level 6.1 Fighting
 + Level 3.5 Axes
 + Level 6.1 Armour
 + Level 6.0 Shields


You had 2 spell levels left.
You didn't know any spells.

Dungeon Overview and Level Annotations

Branches:
Dungeon (1/1)

Altars:
Cheibriados
Dithmenos
Elyvilon
Gozag
Hepliaklqana
Kikubaaqudgha
Makhleb
Nemelex Xobeh
Okawaru
Qazlal
Ru
Sif Muna
Trog
Uskayaw
Vehumet
Xom
Yredelemnul
Zin
The Shining One
Beogh
Jiyva
Lugonu

Annotations:
D exclusion: oklob sapling


Innate Abilities, Weirdness & Mutations

You reflexively headbutt those who attack you in melee.
You have a pair of horns on your head.


Message History

You slash the oklob sapling priest!
You headbutt the oklob sapling priest, but do no damage.
The oklob sapling priest is heavily damaged.
You hit the oklob sapling priest but do no damage.
The oklob sapling priest is heavily damaged.
You hit the oklob sapling priest but do no damage.
You headbutt the oklob sapling priest!
The oklob sapling priest is severely damaged.
You flicker for a moment.
The oklob sapling priest spits acid at you.
The splash of acid hits you! The acid corrodes you!
You are splashed with acid!
The acid burns!
* * * LOW HITPOINT WARNING * * *
You strike the helpless oklob sapling priest from behind!
You hit the oklob sapling priest but do no damage.
You headbutt the oklob sapling priest, but do no damage.
The oklob sapling priest is severely damaged.
The oklob sapling priest spits acid at you.
The splash of acid hits you!
You die...

########################
....#.....#.⌠._._._._.⌠.
[...'.#...'.._._._._._..
....#.#...#..._._P_._...
########+##.._._@_._._..
#.⌠._._._._.⌠.
##############


You could see an oklob sapling priest.

Vanquished Creatures
  An oklob sapling (D)
  A worker ant (D)
  A river rat (D)
  A rat (D)
4 creatures vanquished.

Notes
Turn   | Place    | Note
-------+----------+-------------------------------------------
     0 | D        | dvd the Minotaur Fighter began the quest for the Orb.
     0 | D        | Reached XP level 1. HP: 19/19 MP: 0/0
    10 | D        | Reached XP level 2. HP: 14/28 MP: 1/1
   162 | D        | Noticed an oklob sapling
   164 | D        | Killed an oklob sapling
   164 | D        | Reached skill level 5 in Fighting
   164 | D        | Reached skill level 5 in Armour
   164 | D        | Reached skill level 5 in Shields
   164 | D        | Reached XP level 3. HP: 36/36 MP: 2/2
   193 | D        | Found an opulent altar of Gozag.
   193 | D        | Found a hazy altar of Hepliaklqana.
   193 | D        | Found a burning altar of Makhleb.
   193 | D        | Found a roughly hewn altar of Beogh.
   193 | D        | Found a sparkling altar of Nemelex Xobeh.
   193 | D        | Found a snail-covered altar of Cheibriados.
   193 | D        | Found a sacrificial altar of Ru.
   193 | D        | Found a deep blue altar of Sif Muna.
   193 | D        | Found a shimmering altar of Xom.
   193 | D        | Found a basalt altar of Yredelemnul.
   194 | D        | Found a viscous altar of Jiyva.
   194 | D        | Found a bloodstained altar of Trog.
   194 | D        | Noticed an oklob sapling priest
   397 | D        | Found an iron altar of Okawaru.
   397 | D        | Found a shadowy altar of Dithmenos.
   397 | D        | Found a glowing silver altar of Zin.
   398 | D        | Found an ancient bone altar of Kikubaaqudgha.
   398 | D        | Found a hide-covered altar of Uskayaw.
   399 | D        | Found a stormy altar of Qazlal.
   399 | D        | Found a glowing golden altar of the Shining One.
   399 | D        | Found a white marble altar of Elyvilon.
   400 | D        | Found a radiant altar of Vehumet.
   400 | D        | Found a corrupted altar of Lugonu.
   406 | D        | Killed from afar by an oklob sapling priest

Vault maps used:
D:        dungeon_sprint_fedhas

Skill      XL: |  1  2  3 |
---------------+----------+-----
Fighting       | 4 5 6 |  6.1
Armour         | 4 5 6 |  6.1
Shields        | 4 5 6 |  6.0
Axes           | 3 |  3.5

Action                   || total
-------------------------++-------
Melee: War axe           ||    14
       Headbutt          ||     7
 Abil: Evoke Invisibilit ||     1
 Stab: Invisible         ||     1
Armor: Scale mail        ||     2
Dodge: Dodged            ||     6
Block: Shield            ||     4
